 Dungeon Crawl Stone Soup version 0.24.1-14-gf8d2b509d9 (webtiles) character file.

Game seed: 2730954031468353371, levelgen mode: deterministic

127 Curus the Cudgeler (level 4, -5/38 HPs)
             Began as a Draconian Berserker on May 31, 2020.
             Was a Believer of Trog.
             Slain by a phantom (6 damage)
             ... on level 3 of the Dungeon.
             The game lasted 00:11:36 (1411 turns).

Curus the Cudgeler (Draconian Berserker)            Turns: 1411, Time: 00:11:36

Health: -5/38      AC:  5    Str: 19    XL:     4   Next: 85%
Magic:  4/4        EV: 12    Int:  8    God:    Trog [**....]
Gold:   111        SH:  0    Dex: 11    Spells: 3/3 levels left

rFire    . . .     SeeInvis .   a - +0 mace
rCold    . . .     Gourm    .   (no shield)
rNeg     . . .     Faith    .   (armour unavailable)
rPois    +         Spirit   .   (helmet restricted)
rElec    .         Reflect  .   (no cloak)
rCorr    .         Harm     .   (no gloves)
MR       +....                  (no boots)
Stlth    +.........             (no amulet)
HPRegen  0.12/turn              f - ring of protection from magic
MPRegen  0.09/turn              (no ring)

@: berserk cooldown, slowed, very slow
A: unfitting armour, horns 1, poison resistance, cold-blooded, AC +5
a: Berserk, Trog's Hand, Renounce Religion


You were on level 3 of the Dungeon.
You worshipped Trog.
Trog was pleased with you.
You were hungry.

You visited 1 branch of the dungeon, and saw 3 of its levels.

You collected 111 gold pieces.

Inventory:

Hand Weapons
 a - a +0 mace (weapon)
Jewellery
 f - a ring of protection from magic (left hand)
 h - an uncursed ring of fire
 l - an uncursed ring of fire
Scrolls
 c - 2 scrolls of blinking
 e - 5 scrolls of identify
 g - a scroll of magic mapping
 j - a scroll of remove curse
Potions
 d - a potion of agility
 i - a potion of curing
Comestibles
 b - 4 rations


   Skills:
 - Level 3.2 Fighting
 + Level 5.6 Maces & Flails
 - Level 2.6 Dodging


You had 3 spell levels left.
You didn't know any spells.
Your spell library was empty.

Dungeon Overview and Level Annotations

Branches:
Dungeon (3/15)

Altars:
Trog
Vehumet
Wu Jian


Innate Abilities, Weirdness & Mutations

Your plain brown scales are hard. (AC +5)
You cannot fit into any form of body armour.
You are cold-blooded and may be slowed by cold attacks.
You have a pair of small horns on your head.
Your system is resistant to poisons. (rPois)


Message History

The phantom blinks!
You start resting.
You feel a strong urge to attack something.
You start resting.
You are no longer berserk.
You are exhausted.
You feel yourself slow down.
You start resting.
The phantom is too close now for your liking.
The phantom hits you but does no damage.
You barely miss the phantom. You tail-slap the phantom.
The phantom is heavily damaged.
The phantom closely misses you. The phantom hits you.
* * * LOW HITPOINT WARNING * * *
You hit the phantom. Your headbutt misses the phantom.
The phantom is heavily damaged.
The phantom hits you.
* * * LOW HITPOINT WARNING * * *
The phantom hits you.
You die...

#.# #....... #.#
######## #.# ######.#
#....(.# #.#######.
#.......(. #
#.?######.########..#
#.........##..@W....#
##.#########.######.#
#.........#(#
########....# ######


You could see a phantom.

Vanquished Creatures
  Jessica (D:3)
  3 adders
  An adder skeleton (D:3)
  2 dart slugs
  A leopard gecko (D:1)
  5 orcs (D:3)
  3 giant cockroaches
  10 goblins
  2 hobgoblins (D:1)
  7 jackals
  6 kobolds
  A quokka (D:2)
  5 bats
  4 frilled lizards
  6 rats
57 creatures vanquished.

Notes
Turn   | Place    | Note
-------+----------+-------------------------------------------
     0 | D:1      | Curus the Draconian Berserker began the quest for the Orb.
     0 | D:1      | Reached XP level 1. HP: 19/19 MP: 1/1
    51 | D:1      | Reached XP level 2. HP: 17/26 MP: 2/2
   184 | D:1      | Reached skill level 4 in Maces & Flails
   439 | D:1      | Reached XP level 3. HP: 31/31 MP: 3/3
   568 | D:2      | Found a bloodstained altar of Trog.
   592 | D:2      | Gained mutation: Your system is resistant to poisons.
                  | (rPois) [potion of mutation]
   592 | D:2      | Gained mutation: You have a pair of small horns on your
                  | head. [potion of mutation]
   610 | D:2      | Found a radiant altar of Vehumet.
   630 | D:2      | Reached ** piety under Trog
  1142 | D:3      | Noticed Jessica
  1147 | D:3      | Killed Jessica
  1147 | D:3      | Reached skill level 5 in Maces & Flails
  1147 | D:3      | Reached XP level 4. HP: 38/38 MP: 4/4
  1227 | D:3      | Found an ornate altar of the Wu Jian Council.
  1384 | D:3      | Noticed a phantom
  1410 | D:3      | HP: 1/38 [phantom (3)]
  1411 | D:3      | Slain by a phantom

Levels and vault maps discovered:
D:1:      lightli_arrival_boilingwater, layout_basic, st_stairs_8, minivault_5
D:2:      layout_loops_cross, old_standard_altar, old_standard_altar
D:3:      layout_basic, lemuel_crystal_altar, first_ration, uniq_robin,
          uniq_ijyb, uniq_jessica

Skill      XL: |  1  2  3 |
---------------+----------+-----
Maces & Flails | 4 5 |  5.6
Fighting       | |  3.2
Dodging        | |  2.6

Action                   |  1- 3 |  4- 6 || total
-------------------------+-------+-------++-------
Melee: Mace              |   128 |    60 ||   188
       Tailslap          |    10 |     5 ||    15
       Headbutt          |     4 |     8 ||    12
Invok: Berserk           |       |     1 ||     1
  Use: Scroll            |     6 |       ||     6
       Potion            |     5 |       ||     5
  Eat: Chunk             |       |     2 ||     2
Armor: Skin              |    42 |    17 ||    59
Dodge: Dodged            |    84 |    33 ||   117
